 Dungeon Crawl Stone Soup version 0.31-a0-267-g3fc6992b3b (webtiles) character file.

Game seed: 233554430639774933

2 British0li the Sneak (level 1, -1/18 HPs)
             Began as a Demonspawn Delver on July 14, 2023.
             Slain by Duvessa
             ... wielding a +0 short sword
              (5 damage)
             ... on level 4 of the Dungeon.
             The game lasted 00:00:31 (89 turns).

British0li the Sneak (Demonspawn Delver)              Turns: 89, Time: 00:00:31

Health: -1/18      AC:  3    Str: 12    XL:     1   Next: 25%
Magic:  1/1        EV: 11    Int: 11    God:
Gold:   0          SH:  0    Dex: 14    Spells: 0/0 levels left

rFire   . . .        a - +0 falchion
rCold   . . .        (no shield)
rNeg    . . .        b - +0 leather armour
rPois   .            (no helmet)
rElec   .            (no cloak)
rCorr   .            (no gloves)
SInv    .            (no boots)
Will    .....        (no amulet)
Stlth   ++           (no ring)
HPRegen 0.23/turn    (no ring)
MPRegen 0.07/turn

%: no passive effects
@: lethally poisoned (-1 -> -7)
A: no striking features
a: no special abilities


You were on level 4 of the Dungeon.
You visited 1 branch of the dungeon, and saw 2 of its levels.

Inventory:

Hand Weapons
 a - a +0 falchion (weapon)
Armour
 b - a +0 leather armour (worn)
Wands
 g - a wand of digging (3)
Scrolls
 c - a scroll of fog
 d - a scroll of revelation
 e - a scroll of fear
Potions
 f - a potion of haste


   Skills:
 + Level 3.0 Fighting
 + Level 1.8 Long Blades
 + Level 1.8 Dodging
 + Level 4.5 Stealth


You couldn't memorise any spells.
You didn't know any spells.
Your spell library was empty.

Dungeon Overview and Level Annotations

Branches:
Dungeon (5/15)
 Temple: D:4-7

Altars:

Annotations:
D:4 Dowan, Duvessa


Message History

Press ? for a list of commands and other information.
Found a stone staircase leading down.
Found a stone staircase leading up.
(D) Dungeon
Where to? (? - help)
There is a stone staircase leading up here.
You climb upwards.
Found an amethyst potion.
There is a stone staircase leading down here.
A black bear comes into view.
Okay, then.
There is a stone staircase leading down here.
Found 4 stones.
You see here 4 stones.
An orc comes into view. It is wielding a +0 club.
You hit the orc.
You kill the orc!
You see here a +0 club.
A kobold comes into view. It is wielding a +0 short sword.
Duvessa and Dowan come into view.
Dowan is wielding a +0 dagger of flaming.
Duvessa shouts!
Duvessa says, "My weaknesses are his strengths!"
Dowan says, "Stay away from my face!"
Dowan points at Duvessa and mumbles some strange words.
Duvessa seems to speed up.
The kobold shouts!
Duvessa gestures with her weapon.
Duvessa attacks as you move away! Duvessa barely misses you.
Duvessa hits you with a +0 short sword.
Dowan says, "Stay away from my face!"
Duvessa barely misses you.
An adder comes into view.
Duvessa hits you with a +0 short sword! Duvessa hits you with a +0 short sword.
The adder bites you.
* * * LOW HITPOINT WARNING * * *
You are lethally poisoned!
The adder poisons you! Duvessa hits you with a +0 short sword.
You die...

##..
####........#..##...
##.#.............##..
#....e.......(....#..
##...................
#...K................ #
##...................
...##...................
......Se..####..........
##..#..@..# ##......#..
...##.....# #.....#...
.#. ###.### #...###... #
#.# .. .... #.. #.. #..
##.#


You could see Duvessa (fast), Dowan, an adder and a kobold.

Vanquished Creatures
  An orc (D:4)
1 creature vanquished.

Notes
Turn   | Place    | Note
-------+----------+-------------------------------------------
     0 | D:5      | British0li the Demonspawn Delver began the quest for the
                  | Orb.
     0 | D:5      | Reached XP level 1. HP: 18/18 MP: 1/1
    11 | D:4      | Noticed a black bear
    69 | D:4      | Noticed Duvessa
    69 | D:4      | Noticed Dowan
    89 | D:4      | Slain by Duvessa

Illustrated notes

Levels and vault maps discovered:
D:4:      cheibrodos_old_hovel, layout_cave_pools, tgw_trog,
          hangedman_decor_opposing, uniq_duvessa, uniq_grinder
D:5:      layout_loops_ring, mainiacjoe_overflow_surrounded_room,
          old_standard_altar, uniq_menkaure

Action                     || total
---------------------------++-------
  Melee: Falchion          ||     1
  Dodge: Dodged            ||     2

Table legend: (Time is in decaauts)
 A = Elapsed time spent in this place.
 B = Non-inter-level travel time spent in this place.
 C = Inter-level travel time spent in this place.
 D = Time resting spent in this place.
 E = Time spent auto-exploring this place.
 F = Levels seen in this place.
 G = Mean time per level.
                   A        B        C        D        E       F      G
               +--------+--------+--------+--------+--------+-----+--------+
         Total |     89 |     83 |      6 |      0 |     15 |   2 |   44.5 |
       Dungeon |     89 |     83 |      6 |      0 |     15 |   2 |   44.5 |
               +--------+--------+--------+--------+--------+-----+--------+

Top non-repeatable levels by time:
     D:4: 79 daAuts
     D:5: 10 daAuts
